TOP OF THE 1ST |
Colorado (EL) Rockies batting - Pitching for Mississippi Braves : LHP Eduardo Baez
|
Pitching: LHP Eduardo Baez
|
|
Batting: RHB Eduardo Camacho
|
0-0: Ball 1-0: Ball 2-0: Ball 3-0: Called Strike 3-1: Foul Ball, location: 2F 3-2: Foul Ball, location: 2F 3-2: Strikes out looking
|
Batting: RHB Guillermo Veronese
|
0-0: Ball 1-0: Ground out 6-3 (Groundball, 6, EV 83.1 MPH)
|
Batting: RHB John Michener
|
0-0: Foul Ball, location: 2F 0-1: Ball 1-1: Ground out 6-3 (Groundball, 6, EV 97.5 MPH)
|
Top of the 1st over - 0 runs, 0 hits, 0 errors, 0 left on base; Colorado (EL) 0 - Mississippi 0 |
BOTTOM OF THE 1ST |
Mississippi Braves batting - Pitching for Colorado (EL) Rockies : RHP Sipi Kilpinen
|
Pitching: RHP Sipi Kilpinen
|
|
Batting: LHB Rodolfo Cano
|
0-0: Called Strike 0-1: Ball 1-1: Foul Ball, location: 2F 1-2: Ball 2-2: Foul Ball, location: 2F 2-2: Strikes out swinging
|
Batting: LHB Raul Guarjardo
|
0-0: Ball 1-0: Ground out U3 (Groundball, 3, EV 98.1 MPH)
|
Batting: RHB Tim Nettles
|
0-0: Ball 1-0: Foul Ball, location: 2F 1-1: Foul Ball, location: 2F 1-2: DOUBLE (Line Drive, 9LM, EV 88.1 MPH)
|
Batting: SHB Brian Bagley
|
0-0: Swinging Strike 0-1: Ball 1-1: Fly out, F9 (Flyball, 9D, EV 88.8 MPH)
|
Bottom of the 1st over - 0 runs, 1 hit, 0 errors, 1 left on base; Colorado (EL) 0 - Mississippi 0 |
TOP OF THE 2ND |
Colorado (EL) Rockies batting - Pitching for Mississippi Braves : LHP Eduardo Baez
|
Batting: SHB In-sung Lee
|
0-0: Ground out U3 (Groundball, 3, EV 105.6 MPH)
|
Batting: RHB Matt Wheaton
|
0-0: Ball 1-0: Called Strike 1-1: Foul Ball, location: 2F 1-2: Ball 2-2: Foul Ball, location: 2F 2-2: Foul Ball, location: 2F 2-2: Ball 3-2: Foul Ball, location: 2F 3-2: Ground out 5-3 (Groundball, 5L, EV 84.4 MPH)
|
Batting: LHB Eric Ludwig
|
0-0: Ball 1-0: SOLO HOME RUN (Flyball, 9D, EV 97.5 MPH), Distance : 382 ft
|
Batting: RHB R.J. Anchondo
|
0-0: Ball 1-0: Foul Ball, location: 2F 1-1: SINGLE (Groundball, 56D, EV 105.0 MPH)
|
Batting: RHB Max Schellekens
|
0-0: Fly out, F9 (Flyball, 9, EV 87.5 MPH)
|
Top of the 2nd over - 1 run, 2 hits, 0 errors, 1 left on base; Colorado (EL) 1 - Mississippi 0 |
BOTTOM OF THE 2ND |
Mississippi Braves batting - Pitching for Colorado (EL) Rockies : RHP Sipi Kilpinen
|
Batting: RHB Jack Power
|
0-0: Ball 1-0: Ball 2-0: Fly out, F3 (Line Drive, 3, EV 75.0 MPH)
|
Batting: RHB Zach Thomason
|
0-0: Ball 1-0: Ball 2-0: Swinging Strike 2-1: Ball 3-1: Foul Ball, location: 2F 3-2: Base on Balls
|
Batting: LHB Jon Burgos
|
0-0: Ball 1-0: Called Strike 1-1: Ball 2-1: Foul Ball, location: 2F 2-2: Foul Ball, location: 2F 2-2: Strikes out swinging
|
Batting: RHB Zachary Sidney
|
0-0: SINGLE (Groundball, 4D, EV 94.4 MPH) Zach Thomason to second
|
Batting: RHB Johnny Burroughs
|
0-0: Ball 1-0: SINGLE (Groundball, 6D, EV 95.0 MPH) Zach Thomason to third Zachary Sidney to second
|
Batting: LHB Rodolfo Cano
|
0-0: Swinging Strike 0-1: Ball 1-1: Foul Ball, location: 2F 1-2: Foul Ball, location: 2F 1-2: Ball 2-2: Strikes out swinging
|
Bottom of the 2nd over - 0 runs, 2 hits, 0 errors, 3 left on base; Colorado (EL) 1 - Mississippi 0 |
TOP OF THE 3RD |
Colorado (EL) Rockies batting - Pitching for Mississippi Braves : LHP Eduardo Baez
|
Batting: RHB Jerry Edmiston
|
0-0: Ground out 6-3 (Groundball, P, EV 88.1 MPH)
|
Batting: RHB Eduardo Camacho
|
0-0: Called Strike 0-1: Ball 1-1: Foul Ball, location: 2F 1-2: Ball 2-2: Foul Ball, location: 2F 2-2: Ground out 6-3 (Groundball, 6, EV 88.1 MPH)
|
Batting: RHB Guillermo Veronese
|
0-0: Called Strike 0-1: Ball 1-1: SINGLE (Line Drive, 6D, EV 98.1 MPH)
|
Batting: RHB John Michener
|
0-0: Called Strike 0-1: Called Strike 0-2: Foul Ball, location: 2F 0-2: Strikes out swinging
|
Top of the 3rd over - 0 runs, 1 hit, 0 errors, 1 left on base; Colorado (EL) 1 - Mississippi 0 |
BOTTOM OF THE 3RD |
Mississippi Braves batting - Pitching for Colorado (EL) Rockies : RHP Sipi Kilpinen
|
Batting: LHB Raul Guarjardo
|
0-0: Ball 1-0: Ball 2-0: Ball 3-0: Base on Balls
|
Batting: RHB Tim Nettles
|
0-0: Ball 1-0: Foul Ball, location: 2F 1-1: Foul Ball, location: 2F 1-2: Ball 2-2: Ball 3-2: Fielders Choice at 2nd, 6-4 (Groundball, 6, EV 88.8 MPH)
|
Batting: SHB Brian Bagley
|
0-0: Ball 1-0: Fly out, F7 (Line Drive, 7, EV 90.0 MPH)
|
Batting: RHB Jack Power
|
0-0: Ball 1-0: Ball 2-0: Ball 3-0: Called Strike 3-1: Swinging Strike 3-2: Ground out 4-3 (Groundball, 4M, EV 78.8 MPH)
|
Bottom of the 3rd over - 0 runs, 0 hits, 0 errors, 1 left on base; Colorado (EL) 1 - Mississippi 0 |
TOP OF THE 4TH |
Colorado (EL) Rockies batting - Pitching for Mississippi Braves : LHP Eduardo Baez
|
Batting: SHB In-sung Lee
|
0-0: Swinging Strike 0-1: Swinging Strike 0-2: Strikes out swinging
|
Batting: RHB Matt Wheaton
|
0-0: Called Strike 0-1: Swinging Strike 0-2: Ball 1-2: Strikes out swinging
|
Batting: LHB Eric Ludwig
|
0-0: Ball 1-0: Ball 2-0: Called Strike 2-1: Foul Ball, location: 2F 2-2: Ball 3-2: Ground out 1-3 (Groundball, 15S, EV 75.6 MPH)
|
Top of the 4th over - 0 runs, 0 hits, 0 errors, 0 left on base; Colorado (EL) 1 - Mississippi 0 |
BOTTOM OF THE 4TH |
Mississippi Braves batting - Pitching for Colorado (EL) Rockies : RHP Sipi Kilpinen
|
Batting: RHB Zach Thomason
|
0-0: Called Strike 0-1: Called Strike 0-2: Ball 1-2: Ball 2-2: Ball 3-2: DOUBLE (Flyball, 8LXD, EV 100.0 MPH)
|
Batting: LHB Jon Burgos
|
0-0: Called Strike 0-1: Fly out, F9 (Flyball, 9S, EV 90.6 MPH)
|
Batting: RHB Zachary Sidney
|
0-0: Ball 1-0: Foul Ball, location: 2F 1-1: Called Strike 1-2: Ball 2-2: Strikes out swinging
|
Batting: RHB Johnny Burroughs
|
0-0: Called Strike 0-1: Ball 1-1: Ball 2-1: Called Strike 2-2: Ball 3-2: Foul Ball, location: 2F 3-2: Foul Ball, location: 2F 3-2: Strikes out looking
|
Bottom of the 4th over - 0 runs, 1 hit, 0 errors, 1 left on base; Colorado (EL) 1 - Mississippi 0 |
TOP OF THE 5TH |
Colorado (EL) Rockies batting - Pitching for Mississippi Braves : LHP Eduardo Baez
|
Batting: RHB R.J. Anchondo
|
0-0: Ball 1-0: Fly out, F5 (Flyball, 5D, EV 85.0 MPH)
|
Batting: RHB Max Schellekens
|
0-0: Ground out U3 (Groundball, 34, EV 84.4 MPH)
|
Batting: RHB Jerry Edmiston
|
0-0: Swinging Strike 0-1: Ball 1-1: Ball 2-1: Foul Ball, location: 2F 2-2: Strikes out swinging, 2-3 out at first.
|
Top of the 5th over - 0 runs, 0 hits, 0 errors, 0 left on base; Colorado (EL) 1 - Mississippi 0 |
BOTTOM OF THE 5TH |
Mississippi Braves batting - Pitching for Colorado (EL) Rockies : RHP Sipi Kilpinen
|
Batting: LHB Rodolfo Cano
|
0-0: SINGLE (Line Drive, 5D, EV 94.4 MPH)
|
Batting: LHB Raul Guarjardo
|
0-0: Ball 1-0: Ball 2-0: Swinging Strike 2-1: Ball 3-1: Foul Ball, location: 2F 3-2: Ground out 5-3 (Groundball, 6S, EV 67.5 MPH) Rodolfo Cano to second
|
Batting: RHB Tim Nettles
|
0-0: Foul Ball, location: 2F 0-1: Ball 1-1: Called Strike 1-2: Ball 2-2: Strikes out swinging
|
Batting: SHB Brian Bagley
|
0-0: Ground out 4-3 (Groundball, 4, EV 86.9 MPH)
|
Bottom of the 5th over - 0 runs, 1 hit, 0 errors, 1 left on base; Colorado (EL) 1 - Mississippi 0 |
TOP OF THE 6TH |
Colorado (EL) Rockies batting - Pitching for Mississippi Braves : LHP Eduardo Baez
|
Batting: RHB Eduardo Camacho
|
0-0: Ball 1-0: Called Strike 1-1: Called Strike 1-2: Strikes out swinging
|
Batting: RHB Guillermo Veronese
|
0-0: Called Strike 0-1: Ball 1-1: Ball 2-1: Ball 3-1: Called Strike 3-2: Foul Ball, location: 2F 3-2: Foul Ball, location: 2F 3-2: Strikes out looking
|
Batting: RHB John Michener
|
0-0: Ball 1-0: Swinging Strike 1-1: Ball 2-1: SINGLE (Line Drive, 9S, EV 104.4 MPH)
|
Batting: SHB In-sung Lee
|
0-0: Ball 1-0: Ball 2-0: Called Strike 2-1: Fly out, F8 (Flyball, 8LD, EV 98.1 MPH)
|
Top of the 6th over - 0 runs, 1 hit, 0 errors, 1 left on base; Colorado (EL) 1 - Mississippi 0 |
BOTTOM OF THE 6TH |
Mississippi Braves batting - Pitching for Colorado (EL) Rockies : RHP Sipi Kilpinen
|
Batting: RHB Jack Power
|
0-0: Ball 1-0: Called Strike 1-1: Foul Ball, location: 2F 1-2: Foul Ball, location: 2F 1-2: Foul Ball, location: 2F 1-2: Ground out 6-3 (Groundball, 6S, EV 68.8 MPH)
|
Pitching: LHP Rich Byrd
|
|
Batting: RHB Zach Thomason
|
0-0: Ball 1-0: Called Strike 1-1: Ball 2-1: Foul Ball, location: 2F 2-2: Foul Ball, location: 2F 2-2: Foul Ball, location: 2F 2-2: Ball 3-2: Base on Balls
|
Batting: LHB Jon Burgos
|
0-0: Ball 1-0: Foul Ball, location: 2F 1-1: Foul Ball, location: 2F 1-2: Hit by Pitch Zach Thomason to second
|
Pinch Runner at 2nd Bobby Light:
|
|
Batting: RHB Zachary Sidney
|
0-0: Called Strike Bobby Light steals 3rd, throwing error, E2 Bobby Light scores Jon Burgos to third 0-1: Bunted foul 0-2: Ball 1-2: Fly out, F8 (Line Drive, 8RM, EV 101.9 MPH)
|
Batting: RHB Johnny Burroughs
|
0-0: Called Strike 0-1: Called Strike 0-2: Strikes out swinging
|
Bottom of the 6th over - 1 run, 0 hits, 1 error, 1 left on base; Colorado (EL) 1 - Mississippi 1 |
TOP OF THE 7TH |
Colorado (EL) Rockies batting - Pitching for Mississippi Braves : LHP Eduardo Baez
|
Now at SS: Bobby Light
|
|
Batting: RHB Matt Wheaton
|
0-0: DOUBLE (Groundball, 5L, EV 101.9 MPH)
|
Batting: LHB Eric Ludwig
|
0-0: Fly out, F9 (Flyball, 89D, EV 91.3 MPH) Runner from 2nd tags up, SAFE at 3rd, no throw by RF
|
Batting: RHB R.J. Anchondo
|
0-0: Called Strike 0-1: Called Strike 0-2: Ball 1-2: Ball 2-2: Strikes out swinging
|
Batting: RHB Max Schellekens
|
0-0: Ball 1-0: Ball 2-0: Called Strike 2-1: Called Strike 2-2: Ground out 5-3 (Groundball, 56, EV 103.8 MPH)
|
Top of the 7th over - 0 runs, 1 hit, 0 errors, 1 left on base; Colorado (EL) 1 - Mississippi 1 |
BOTTOM OF THE 7TH |
Mississippi Braves batting - Pitching for Colorado (EL) Rockies : LHP Rich Byrd
|
Batting: LHB Rodolfo Cano
|
0-0: Foul Ball, location: 2F 0-1: Ground out 4-3 (Groundball, 4, EV 91.3 MPH)
|
Batting: LHB Raul Guarjardo
|
0-0: Ball 1-0: Swinging Strike 1-1: Ground out 1-3 (Groundball, 15S, EV 68.1 MPH)
|
Batting: RHB Tim Nettles
|
0-0: Ball 1-0: Ball 2-0: Called Strike 2-1: Ball 3-1: Foul Ball, location: 2F 3-2: Strikes out swinging
|
Bottom of the 7th over - 0 runs, 0 hits, 0 errors, 0 left on base; Colorado (EL) 1 - Mississippi 1 |
TOP OF THE 8TH |
Colorado (EL) Rockies batting - Pitching for Mississippi Braves : LHP Eduardo Baez
|
Pitching: RHP Toru Yoshikawa
|
|
Batting: RHB Jerry Edmiston
|
0-0: Ball 1-0: Ground out 6-3 (Groundball, 6, EV 86.3 MPH)
|
Batting: RHB Eduardo Camacho
|
0-0: Ball 1-0: SINGLE (Groundball, 4D, EV 109.4 MPH)
|
Batting: RHB Guillermo Veronese
|
0-0: Bunted foul 0-1: Ball 1-1: Bunted foul 1-2: Strikes out swinging
|
Batting: RHB John Michener
|
0-0: Ball 1-0: Fly out, F8 (Flyball, 78D, EV 95.6 MPH)
|
Top of the 8th over - 0 runs, 1 hit, 0 errors, 1 left on base; Colorado (EL) 1 - Mississippi 1 |
BOTTOM OF THE 8TH |
Mississippi Braves batting - Pitching for Colorado (EL) Rockies : LHP Rich Byrd
|
Batting: SHB Brian Bagley
|
0-0: Ball 1-0: Ball 2-0: Foul Ball, location: 2F 2-1: Ball 3-1: Swinging Strike 3-2: Ground out 5-3 (Groundball, 56, EV 106.9 MPH)
|
Batting: RHB Jack Power
|
0-0: Ball 1-0: Called Strike 1-1: Fly out, F2 (Popup, 25F, EV 80.0 MPH)
|
Pinch Hitting: SHB Paul Karlovich
|
0-0: Ball 1-0: Ground out 6-3 (Groundball, 6M, EV 88.8 MPH)
|
Bottom of the 8th over - 0 runs, 0 hits, 0 errors, 0 left on base; Colorado (EL) 1 - Mississippi 1 |
TOP OF THE 9TH |
Colorado (EL) Rockies batting - Pitching for Mississippi Braves : RHP Toru Yoshikawa
|
Now at SS: Edwin Cota
|
|
Batting: SHB In-sung Lee
|
0-0: Ball 1-0: Ball 2-0: Called Strike 2-1: Ball 3-1: Base on Balls
|
Batting: RHB Matt Wheaton
|
0-0: Ball 1-0: Ball 2-0: Fly out, F3 (Popup, 34, EV 78.8 MPH)
|
Pitching: RHP Kwang-sik Kim
|
|
Batting: LHB Eric Ludwig
|
0-0: Swinging Strike 0-1: Ball In-sung Lee is caught stealing 2nd base 2-6 1-1: Fly out, F7 (Line Drive, 78M, EV 98.8 MPH)
|
Top of the 9th over - 0 runs, 0 hits, 0 errors, 0 left on base; Colorado (EL) 1 - Mississippi 1 |
BOTTOM OF THE 9TH |
Mississippi Braves batting - Pitching for Colorado (EL) Rockies : LHP Rich Byrd
|
Pitching: LHP Bill Ogren
|
|
Pinch Hitting: RHB Yorkis Saiki
|
0-0: Called Strike 0-1: Foul Ball, location: 2F 0-2: Strikes out swinging
|
Batting: RHB Zachary Sidney
|
0-0: Ground out 6-3 (Groundball, 6, EV 78.1 MPH)
|
Batting: RHB Johnny Burroughs
|
0-0: Called Strike 0-1: Called Strike 0-2: Strikes out looking
|
Bottom of the 9th over - 0 runs, 0 hits, 0 errors, 0 left on base; Colorado (EL) 1 - Mississippi 1 |
TOP OF THE 10TH |
Colorado (EL) Rockies batting - Pitching for Mississippi Braves : RHP Kwang-sik Kim
|
Now in RF: Pablo Ordonez
|
|
Batting: RHB R.J. Anchondo
|
0-0: Called Strike 0-1: Ball 1-1: Foul Ball, location: 2F 1-2: Foul Ball, location: 2F 1-2: Foul Ball, location: 2F 1-2: Ball 2-2: SINGLE (Groundball, 56D, EV 103.8 MPH)
|
Batting: RHB Max Schellekens
|
0-0: Called Strike 0-1: Ball 1-1: Swinging Strike 1-2: Ball 2-2: Strikes out swinging
|
Batting: RHB Jerry Edmiston
|
0-0: Foul Ball, location: 2F 0-1: SINGLE (Groundball, 3D, EV 105.0 MPH) R.J. Anchondo to second Throwing error, E9 R.J. Anchondo scores Jerry Edmiston to second
|
Batting: RHB Eduardo Camacho
|
0-0: Ball 1-0: Called Strike 1-1: Called Strike 1-2: Ball 2-2: SINGLE (Flyball, 89M, EV 79.4 MPH) Jerry Edmiston to third
|
Batting: RHB Guillermo Veronese
|
0-0: Ball Eduardo Camacho steals 2nd base 1-0: Foul Ball, location: 2F 1-1: Swinging Strike 1-2: Ball 2-2: Ball 3-2: Strikes out swinging
|
Batting: RHB John Michener
|
0-0: Called Strike 0-1: Ball 1-1: Ball 2-1: Foul Ball, location: 2F 2-2: Strikes out swinging
|
Top of the 10th over - 1 run, 3 hits, 1 error, 2 left on base; Colorado (EL) 2 - Mississippi 1 |
BOTTOM OF THE 10TH |
Mississippi Braves batting - Pitching for Colorado (EL) Rockies : LHP Bill Ogren
|
Pitching: RHP Terry Huffmaster
|
|
Batting: LHB Rodolfo Cano
|
0-0: Called Strike 0-1: Foul Ball, location: 2F 0-2: Ground out 4-3 (Groundball, 34S, EV 86.9 MPH)
|
Batting: LHB Raul Guarjardo
|
0-0: Called Strike 0-1: SINGLE (Groundball, 6D, EV 98.8 MPH)
|
Batting: RHB Tim Nettles
|
0-0: Ball 1-0: Fielders Choice at 2nd, 6-4 (Groundball, 6, EV 82.5 MPH)
|
Batting: SHB Brian Bagley
|
0-0: DOUBLE (Line Drive, 78D, EV 98.1 MPH) Tim Nettles to third Runner from 3rd tries for Home, SAFE, throw by CF to trailing runner, SAFE at third!
|
Batting: RHB Jack Power
|
0-0: Intentional Walk
|
Batting: RHB Edwin Cota
|
0-0: Ball 1-0: Ground out 4-3 (Groundball, 4, EV 81.3 MPH)
|
Bottom of the 10th over - 1 run, 2 hits, 0 errors, 2 left on base; Colorado (EL) 2 - Mississippi 2 |
TOP OF THE 11TH |
Colorado (EL) Rockies batting - Pitching for Mississippi Braves : RHP Kwang-sik Kim
|
Pitching: RHP Danny Nerio
|
|
Batting: SHB In-sung Lee
|
0-0: Called Strike 0-1: Called Strike 0-2: Ball 1-2: Foul Ball, location: 2F 1-2: Ball 2-2: Ball 3-2: Foul Ball, location: 2F 3-2: Fly out, F5 (Popup, 56, EV 63.8 MPH)
|
Batting: RHB Matt Wheaton
|
0-0: Called Strike 0-1: Ball 1-1: Foul Ball, location: 2F 1-2: Strikes out swinging
|
Batting: LHB Eric Ludwig
|
0-0: Ball 1-0: Swinging Strike 1-1: Foul Ball, location: 2F 1-2: Foul Ball, location: 2F 1-2: Strikes out looking
|
Top of the 11th over - 0 runs, 0 hits, 0 errors, 0 left on base; Colorado (EL) 2 - Mississippi 2 |
BOTTOM OF THE 11TH |
Mississippi Braves batting - Pitching for Colorado (EL) Rockies : RHP Terry Huffmaster
|
Pitching: RHP Stephen Bailey
|
|
Batting: LHB Pablo Ordonez
|
0-0: Ball 1-0: Ball 2-0: Ball 3-0: Base on Balls
|
Batting: RHB Zachary Sidney
|
0-0: Sac Bunt to 23 - play at first, batter OUT! 3-4 Pablo Ordonez to second
|
Batting: RHB Johnny Burroughs
|
0-0: Ball 1-0: Swinging Strike 1-1: Called Strike 1-2: Foul Ball, location: 2F 1-2: Ball 2-2: Ground out 4-3 (Groundball, 4, EV 91.3 MPH) Pablo Ordonez to third
|
Batting: LHB Rodolfo Cano
|
0-0: Foul Ball, location: 2F 0-1: Ground out U3 (Groundball, 34S, EV 90.6 MPH)
|
Bottom of the 11th over - 0 runs, 0 hits, 0 errors, 1 left on base; Colorado (EL) 2 - Mississippi 2 |
TOP OF THE 12TH |
Colorado (EL) Rockies batting - Pitching for Mississippi Braves : RHP Danny Nerio
|
Batting: RHB R.J. Anchondo
|
0-0: Ball 1-0: Called Strike 1-1: Swinging Strike 1-2: Ball 2-2: Ball 3-2: Foul Ball, location: 2F 3-2: Foul Ball, location: 2F 3-2: Foul Ball, location: 2F 3-2: Strikes out swinging
|
Pitching: RHP Marko Martin
|
|
Batting: RHB Max Schellekens
|
0-0: Ball 1-0: Fly out, F8 (Line Drive, 8RD, EV 91.3 MPH)
|
Batting: RHB Jerry Edmiston
|
0-0: SINGLE (Groundball, 34D, EV 98.1 MPH)
|
Batting: RHB Eduardo Camacho
|
0-0: Fly out, F8 (Flyball, 89M, EV 88.8 MPH)
|
Top of the 12th over - 0 runs, 1 hit, 0 errors, 1 left on base; Colorado (EL) 2 - Mississippi 2 |
BOTTOM OF THE 12TH |
Mississippi Braves batting - Pitching for Colorado (EL) Rockies : RHP Stephen Bailey
|
Batting: LHB Raul Guarjardo
|
0-0: Foul Ball, location: 2F 0-1: Called Strike 0-2: Ground out 4-3 (Groundball, 4, EV 79.4 MPH)
|
Batting: RHB Tim Nettles
|
0-0: Ball 1-0: Swinging Strike 1-1: Ground out 5-3 (Groundball, 56, EV 100.0 MPH)
|
Batting: SHB Brian Bagley
|
0-0: Called Strike 0-1: Ball 1-1: Ground out 4-3 (Groundball, 4, EV 89.4 MPH)
|
Bottom of the 12th over - 0 runs, 0 hits, 0 errors, 0 left on base; Colorado (EL) 2 - Mississippi 2 |
TOP OF THE 13TH |
Colorado (EL) Rockies batting - Pitching for Mississippi Braves : RHP Marko Martin
|
Batting: RHB Guillermo Veronese
|
0-0: Called Strike 0-1: Ball 1-1: Foul Ball, location: 2F 1-2: Foul Ball, location: 2F 1-2: Ball 2-2: Ground out 5-3 (Groundball, 5S, EV 72.5 MPH)
|
Batting: RHB John Michener
|
0-0: Swinging Strike 0-1: Ball 1-1: Called Strike 1-2: Strikes out swinging
|
Batting: SHB In-sung Lee
|
0-0: Called Strike 0-1: Foul Ball, location: 2F 0-2: Ball 1-2: DOUBLE (Flyball, 78D, EV 97.5 MPH)
|
Batting: RHB Matt Wheaton
|
0-0: Ball 1-0: Ball 2-0: Called Strike 2-1: Swinging Strike 2-2: Foul Ball, location: 2F 2-2: DOUBLE (Line Drive, 89D, EV 107.5 MPH) In-sung Lee scores
|
Batting: LHB Eric Ludwig
|
0-0: Intentional Walk
|
Batting: RHB R.J. Anchondo
|
0-0: Called Strike 0-1: Ball 1-1: Ground out U3 (Groundball, 34S, EV 80.6 MPH)
|
Top of the 13th over - 1 run, 2 hits, 0 errors, 2 left on base; Colorado (EL) 3 - Mississippi 2 |
BOTTOM OF THE 13TH |
Mississippi Braves batting - Pitching for Colorado (EL) Rockies : RHP Stephen Bailey
|
Batting: RHB Jack Power
|
0-0: Ground out 4-3 (Groundball, 4M, EV 86.9 MPH)
|
Pinch Hitting: LHB Jeremy Larson
|
0-0: Ball 1-0: Ball 2-0: Ball 3-0: Called Strike 3-1: Called Strike 3-2: Foul Ball, location: 2F 3-2: Ground out 4-3 (Groundball, 4, EV 103.8 MPH)
|
Batting: LHB Pablo Ordonez
|
0-0: Ball 1-0: Ground out 6-3 (Groundball, 6M, EV 90.0 MPH)
|
Bottom of the 13th over - 0 runs, 0 hits, 0 errors, 0 left on base; Colorado (EL) 3 - Mississippi 2 |
|